 Dungeon Crawl Stone Soup version 0.24-a0-487-g57318f2ed0 (webtiles) character file.

Game seed: 13512557715552633250

232 Inquire the Skirmisher (level 5, 0/42 HPs)
             Began as a Mummy Skald on July 10, 2019.
             Slain by a slave (2 damage)
             ... led by Pikel
             ... on level 5 of the Dungeon.
             The game lasted 00:05:17 (3524 turns).

Inquire the Skirmisher (Mummy Skald)                Turns: 3524, Time: 00:05:18

Health: 0/42       AC:  6    Str: 15    XL:     5   Next: 73%
Magic:  10/10      EV: 11    Int: 12    God:
Gold:   135        SH:  0    Dex: 12    Spells: 3/11 levels left

rFire    x . .     SeeInvis .   l - +1 whip (pain)
rCold    + . .     Gourm    .   (no shield)
rNeg     + + +     Faith    .   i - +0 ring mail
rPois    ∞         Spirit   .   (no helmet)
rElec    .         Reflect  .   (no cloak)
rCorr    .         Harm     .   (no gloves)
MR       .....                  k - +0 pair of boots
Stlth    +.........             (no amulet)
HPRegen  0.14/turn              m - +3 ring of slaying (curse)
MPRegen  0.12/turn              (no ring)

@: no status effects
A: no food or potions, fire vulnerability, cold resistance 1, negative energy
resistance 3, torment resistance, unbreathing
a: no special abilities


You were on level 5 of the Dungeon.
You were not hungry.

You visited 1 branch of the dungeon, and saw 5 of its levels.

You collected 135 gold pieces.

Inventory:

Hand Weapons
 a - a +0 mace
 c - a +0 whip
 l - a +1 whip of pain (weapon)
Missiles
 d - 41 poisoned darts (quivered)
Armour
 i - a +0 ring mail (worn)
 k - a +0 pair of boots (worn)
Jewellery
 m - a cursed +3 ring of slaying (left hand)
Scrolls
 b - 2 scrolls of blinking
 e - a scroll of fear
 f - 4 scrolls of immolation
 g - 3 scrolls of identify
 h - 3 scrolls of remove curse


   Skills:
 * Level 3.9 Fighting
 * Level 3.2 Maces & Flails
 - Level 0.7 Armour
 - Level 1.5 Dodging
 + Level 3.8 Spellcasting
 + Level 0.9 Hexes
 + Level 2.7 Charms


You had 3 spell levels left.
You knew the following spells:

 Your Spells              Type           Power        Failure   Level  Hunger
a - Infusion              Chrm           #...         14%         1    N/A
b - Song of Slaying       Chrm           #.......     22%         2    N/A
c - Spectral Weapon       Hex/Chrm       #.......     54%         3    N/A
d - Shroud of Golubria    Chrm/Tloc      #.....       36%         2    N/A

Your spell library contained the following spells:

 Spells                   Type           Power        Failure   Level  Hunger
 Regeneration             Chrm/Necr      Unusable     N/A         3    N/A

Dungeon Overview and Level Annotations

Branches:
Dungeon (5/15)
 Temple: D:4-7

Altars:
Kikubaaqudgha
Nemelex Xobeh
Trog
Vehumet
Yredelemnul

Annotations:
D:4 Pikel


Innate Abilities, Weirdness & Mutations

You do not eat or drink.
Your flesh is vulnerable to fire.
You are immune to poison.
Your flesh is cold resistant. (rC+)
You are immune to negative energy. (rN+++)
You are immune to unholy pain and torment.
You can survive without breathing.


Message History

Press: ? - help, Shift-Dir - straight line, f/p - bullfrog zombie
Aim: a bullfrog zombie (heavily damaged)
You throw a silver javelin.
The silver javelin pierces through the bullfrog zombie.
The bullfrog zombie is severely damaged.
The silver javelin pierces through the slave!
The slave is almost dead.
The bullfrog zombie hits you.
* * * LOW HITPOINT WARNING * * *
The bullfrog zombie hits you but does no damage.
You whack the bullfrog zombie!
The bullfrog zombie is almost destroyed.
The bullfrog zombie hits you.
* * * LOW HITPOINT WARNING * * *
You whack the bullfrog zombie!
You destroy the bullfrog zombie!
You completely miss the slave.
The slave is almost dead.
The slave hits you.
You die...

#########
#...#S..#
####.##.##S###
#..p##.##.##@#
#.###.##.##p##
#.##[. ##.o##
#p### #### #{#
#.# #o# #.#
#.#


You could see a slave and an orc.

Vanquished Creatures
  A bullfrog zombie (D:5)
  An orc wizard (D:4)
  A worker ant (D:4)
  7 adders
  2 oozes (D:2)
  4 dart slugs
  2 leopard geckos (D:2)
  5 orcs
  A ball python (D:1)
  6 bats
  3 giant cockroaches
  6 hobgoblins
  2 jackals (D:4)
  8 kobolds
  3 quokkas
  5 frilled lizards
  2 goblins
  8 rats
67 creatures vanquished.

Notes
Turn   | Place    | Note
-------+----------+-------------------------------------------
     0 | D:1      | Inquire the Mummy Skald began the quest for the Orb.
     0 | D:1      | Reached XP level 1. HP: 16/16 MP: 4/4
   368 | D:2      | Reached XP level 2. HP: 12/22 MP: 5/5
   776 | D:1      | Learned a level 2 spell: Song of Slaying
  1476 | D:1      | Reached XP level 3. HP: 23/28 MP: 7/7
  1894 | D:2      | Noticed a moth of wrath
  1897 | D:2      | Found a bloodstained altar of Trog.
  2329 | D:2      | Reached XP level 4. HP: 31/35 MP: 9/9
  2428 | D:2      | Found an ancient bone altar of Kikubaaqudgha.
  2431 | D:2      | Found a sparkling altar of Nemelex Xobeh.
  2433 | D:2      | Found a radiant altar of Vehumet.
  2724 | D:3      | Learned a level 3 spell: Spectral Weapon
  2727 | D:3      | Learned a level 2 spell: Shroud of Golubria
  3054 | D:4      | Reached XP level 5. HP: 17/41 MP: 10/10
  3436 | D:4      | Noticed a slave
  3440 | D:4      | Noticed an ogre
  3462 | D:4      | Noticed a slave
  3464 | D:4      | Noticed Pikel
  3480 | D:5      | Entered Level 5 of the Dungeon
  3480 | D:5      | Noticed a phantom
  3513 | D:5      | Found a basalt altar of Yredelemnul.
  3522 | D:5      | HP: 2/42 [bullfrog zombie (6)]
  3524 | D:5      | Slain by a slave

Levels and vault maps discovered:
D:1:      tarquinn_simple_flora_water_a, layout_basic, chequers_jeans
D:2:      layout_loops_ring, tgw_trog, nicolae_overflow_hidden_temple
D:3:      cheibrodos_old_hovel, layout_loops_ring, led_sif_pool,
          grunt_decor_one_mirror
D:4:      layout_basic, lemuel_statue_altar, uniq_pikel, uniq_grinder, uniq_ijyb
D:5:      layout_basic, marbit_many_paths, nicolae_overflow_crystal_walls,
          minmay_temple_entry_mist, first_ration

Skill      XL: |  1  2  3  4  5 |
---------------+----------------+-----
Maces & Flails | 2 3 |  3.2
Spellcasting   | 3 |  3.8
Fighting       | 3 |  3.9
Armour         | |  0.7
Dodging        | |  1.5
Hexes          | |  0.9
Charms         | |  2.7

Action                   |  1- 3 |  4- 6 || total
-------------------------+-------+-------++-------
Melee: Mace              |   151 |    61 ||   212
       Whip              |       |    55 ||    55
Throw: Dart              |    25 |    21 ||    46
       Javelin           |       |     5 ||     5
  Use: Scroll            |     3 |     2 ||     5
Armor: Leather armour    |    43 |       ||    43
       Ring mail         |    11 |    53 ||    64
Dodge: Dodged            |   118 |    92 ||   210

Table legend:
 A = Non-vault XP
 B = Vault XP
 C = Vault XP percentage of total XP
 D = Non-vault monster count
 E = Vault monster count
 F = Vault count percentage of total count
                 A         B        C        D         E       F
            +---------+---------+-------+---------+---------+-------
      Total |     316 |      16 |   4.8 |      63 |       4 |   6.0
            +---------+---------+-------+---------+---------+-------
        D:1 |      30 |       0 |   0.0 |      18 |       0 |   0.0
        D:2 |      72 |       2 |   2.7 |      23 |       2 |   8.0
        D:3 |      46 |       1 |   2.1 |      10 |       1 |   9.1
        D:4 |     122 |       0 |   0.0 |      11 |       0 |   0.0
        D:5 |      46 |      13 |  22.0 |       1 |       1 |  50.0
            +---------+---------+-------+---------+---------+-------
